 Dungeon Crawl Stone Soup version 0.23-a0-242-g2b5ca64 (webtiles) character file.

406 mandick the Skirmisher (level 6, 0/71 HPs)
             Began as an Ogre Fighter on Sept 28, 2018.
             Slain by an orc wizard
             ... wielding a +0 dagger
              (1 damage)
             ... on level 4 of the Dungeon.
             The game lasted 00:08:04 (2764 turns).

mandick the Skirmisher (Ogre Fighter)               Turns: 2764, Time: 00:08:05

Health: 0/71       AC:  3    Str: 23    XL:     6   Next: 87%
Magic:  6/6        EV:  9    Int:  9    God:
Gold:   134        SH:  9    Dex:  8    Spells: 5/5 levels left

rFire    + . .     SeeInvis .   a - +0 war axe
rCold    x . .     Gourm    .   c - +0 shield
rNeg     . . .     Faith    .   b - +0 robe
rPois    .         Spirit   .   (helmet restricted)
rElec    .         Reflect  .   (no cloak)
rCorr    .         Harm     .   (gloves unavailable)
MR       .....                  (boots unavailable)
Stlth    +.........             p - amulet of magic regeneration
HPRegen  0.21/turn              l - ring of fire
MPRegen  0.35/turn              (no ring)

@: lethally poisoned (0 -> -4), very slightly contaminated
A: large, unfitting armour, tough skin 1
a: no special abilities


You were on level 4 of the Dungeon.
You were not hungry.

You visited 1 branch of the dungeon, and saw 4 of its levels.

You collected 134 gold pieces.

Inventory:

Hand Weapons
 a - a +0 war axe (weapon)
Missiles
 e - a throwing net (quivered)
Armour
 b - a +0 robe (worn)
 c - a +0 shield (worn)
Jewellery
 l - a ring of fire (left hand)
 p - an amulet of magic regeneration (around neck)
Scrolls
 k - 7 scrolls of remove curse
 m - 2 scrolls of blinking
 n - a scroll of noise {unknown}
 o - a scroll of identify {unknown}
 r - a scroll of enchant weapon {unknown}
 s - 2 scrolls of amnesia
 t - a scroll of immolation {unknown}
 w - a scroll of fog {unknown}
Potions
 d - 2 potions of might
 g - a potion of degeneration {unknown}
 h - a potion of mutation {unknown}
 j - 2 potions of berserk rage {unknown}
 q - 2 potions of curing {unknown}
 u - a potion of agility {unknown}
 v - a potion of heal wounds {unknown}
Comestibles
 f - 8 rations
 x - a chunk of flesh


   Skills:
 + Level 7.5 Fighting
 - Level 2.0 Axes
 - Level 2.6 Dodging
 + Level 5.1 Shields


You had 5 spell levels left.
You didn't know any spells.
Your spell library was empty.

Dungeon Overview and Level Annotations

Branches:
Dungeon (4/15)
 Temple: D:4-7

Altars:
Fedhas


Innate Abilities, Weirdness & Mutations

You are too large for most types of armour.
You have tough skin. (AC +1)


Message History

The quokka barely misses you.
You hear some strange, mumbled words.
Something tries to affect you, but you resist.
You hit the quokka but do no damage. You completely miss something.
You feel sick. The quokka bites you.
* * * LOW HITPOINT WARNING * * *
The quokka bites you.
* * * LOW HITPOINT WARNING * * *
You miss the quokka. You hit the orc. You closely miss something.
You feel less confused.
* * * LOW HITPOINT WARNING * * *
You feel sick.
A jackal comes into view.
Something hits you.
* * * LOW HITPOINT WARNING * * *
The quokka bites you but does no damage.
You block the orc's attack.
A jackal comes into view.
Something hits you.
You die...

...............)
.......#h.......
.......#.......
..a....#....#
#........+
###.##....#
#....<....#
#.#..#..o)# #
#.....r@#
##....### #....#
#....# #....#
#....# #....


You could see an orc, a quokka and a jackal (wandering).

Vanquished Creatures
  Sigmund (D:2)
  A crimson imp (D:3)
  A hound (D:3)
  A centaur skeleton (D:3)
  A worker ant (D:4)
  A hound skeleton (D:4)
  3 adders
  A gnoll (D:1)
  2 oozes (D:3)
  4 worms
  2 dart slugs (D:1)
  A leopard gecko (D:2)
  3 orcs
  5 giant cockroaches
  8 hobgoblins
  3 kobolds (D:2)
  2 quokkas (D:2)
  A ball python (D:1)
  2 bats (D:1)
  4 frilled lizards (D:2)
  6 goblins
  9 rats
62 creatures vanquished.

Notes
Turn   | Place    | Note
-------+----------+-------------------------------------------
     0 | D:1      | mandick the Ogre Fighter began the quest for the Orb.
     0 | D:1      | Reached XP level 1. HP: 24/24 MP: 1/1
    34 | D:1      | Reached XP level 2. HP: 7/33 MP: 2/2
   347 | D:1      | Reached XP level 3. HP: 38/40 MP: 3/3
   739 | D:2      | Reached skill level 5 in Fighting
  1042 | D:2      | Noticed Sigmund
  1057 | D:2      | HP: 2/42 [Sigmund/scythe (9)]
  1059 | D:2      | Killed Sigmund
  1059 | D:2      | Reached skill level 6 in Fighting
  1059 | D:2      | Reached XP level 4. HP: 3/53 MP: 4/4
  1059 | D:2      | Reached XP level 5. HP: 3/61 MP: 5/5
  1446 | D:2      | Reached XP level 6. HP: 57/68 MP: 6/6
  1893 | D:3      | Found a blossoming altar of Fedhas.
  1992 | D:3      | Reached skill level 7 in Fighting
  2356 | D:3      | Reached skill level 5 in Shields
  2763 | D:4      | HP: 3/71 [quokka (5)]
  2764 | D:4      | HP: 1/71 [something (1)]
  2764 | D:4      | Slain by an orc wizard

Vault maps used:
D:1:      onia_arrival_pyramid
D:2:      uniq_sigmund
D:3:      first_ration, fedhas_altar_1
D:4:      enter_ossuary_4

Skill      XL: |  1  2  3  4  5  6 |
---------------+-------------------+-----
Shields        | 3 4 5 |  5.1
Fighting       | 6 7 |  7.5
Axes           | |  2.0
Dodging        | |  2.6

Action                   |  1- 3 |  4- 6 || total
-------------------------+-------+-------++-------
Melee: War axe           |    86 |   120 ||   206
  Use: Scroll            |     1 |     3 ||     4
  Eat: Chunk             |       |     6 ||     6
Armor: Robe              |    29 |    12 ||    41
Dodge: Dodged            |    32 |    54 ||    86
Block: Shield            |    53 |    56 ||   109

Table legend:
 A = Non-vault XP
 B = Vault XP
 C = Vault XP percentage of total XP
 D = Non-vault monster count
 E = Vault monster count
 F = Vault count percentage of total count
                 A         B        C        D         E       F
            +---------+---------+-------+---------+---------+-------
      Total |     349 |     231 |  39.8 |      61 |       1 |   1.6
            +---------+---------+-------+---------+---------+-------
        D:1 |      49 |       0 |   0.0 |      22 |       0 |   0.0
        D:2 |      58 |     231 |  79.9 |      17 |       1 |   5.6
        D:3 |     183 |       0 |   0.0 |      18 |       0 |   0.0
        D:4 |      59 |       0 |   0.0 |       4 |       0 |   0.0
            +---------+---------+-------+---------+---------+-------
